 Dungeon Crawl Stone Soup version 0.31.0-32-g396128a36d (webtiles) character file.

Game seed: 5005769415805140801

49 Gogs the Trooper (level 3, -5/33 HPs)
             Began as a Hill Orc Fighter on Mar 14, 2024.
             Slain by Natasha (8 damage)
             ... on level 2 of the Dungeon.
             The game lasted 00:04:31 (995 turns).

Gogs the Trooper (Hill Orc Fighter)                  Turns: 995, Time: 00:04:32

Health: -5/33      AC:  7    Str: 20    XL:     3   Next: 75%
Magic:  3/3        EV:  9    Int:  8    God:
Gold:   88         SH:  4    Dex: 10    Spells: 2/2 levels left

rFire   . . .        a - +0 war axe
rCold   . . .        c - +0 buckler
rNeg    . . .        g - +0 scale mail
rPois   .            (no helmet)
rElec   .            (no cloak)
rCorr   .            (no gloves)
SInv    .            (no boots)
Will    .....        (no amulet) Stlth
                     (no ring)
HPRegen 0.25/turn    (no ring)
MPRegen 0.08/turn

%: no passive effects
@: mighty
A: no striking features
a: no special abilities


You were on level 2 of the Dungeon.
You visited 1 branch of the dungeon, and saw 2 of its levels.

You collected 88 gold pieces.

Inventory:

Hand Weapons
 a - a +0 war axe (weapon)
 b - a +0 sling
Missiles
 h - 21 stones (quivered)
Armour
 c - a +0 buckler (worn)
 g - a +0 scale mail (worn)
Wands
 j - a wand of flame (27)
Scrolls
 i - a scroll of immolation {unknown}
 k - 3 scrolls of identify {unknown}
 m - a scroll of enchant weapon {unknown}
 n - a scroll of fog {unknown}
Potions
 e - 2 potions of heal wounds {unknown}
 f - a potion of mutation {unknown}
 l - a potion of lignification {unknown}


   Skills:
 + Level 4.1 Fighting
 * Level 3.9 Axes
 + Level 3.7 Armour
 + Level 3.7 Shields


You had 2 spell levels left.
You didn't know any spells.
Your spell library was empty.

Dungeon Overview and Level Annotations

Branches:
Dungeon (2/15)

Altars:

Annotations:
D:2 Natasha


Message History

The cerulean imp hits you but does no damage.
You block the cerulean imp's attack.
Natasha mumbles some strange words.
You hit the cerulean imp.
The cerulean imp is moderately wounded.
The cerulean imp hits you with a +1 spear.
The cerulean imp barely misses you. x3
The cerulean imp hits you from afar with a +1 spear.
Natasha hisses.
The cerulean imp hits you but does no damage.
The cerulean imp hits you with a +1 spear.
* * * LOW HITPOINT WARNING * * *
You closely miss the cerulean imp.
The cerulean imp is moderately wounded.
The cerulean imp hits you but does no damage.
The cerulean imp barely misses you.
The cerulean imp hits you from afar with a +1 spear.
* * * LOW HITPOINT WARNING * * *
You feel very mighty all of a sudden. You block the cerulean imp's attack.
The cerulean imp disappears in a puff of smoke!
The cerulean imp barely misses you.
The cerulean imp hits you but does no damage.
You slice the cerulean imp!!
You kill the cerulean imp!
The cerulean imp disappears in a puff of smoke!
Natasha claws you.
* * * LOW HITPOINT WARNING * * *
You barely miss Natasha. You block Natasha's attack.
Natasha claws you but does no damage.
You barely miss Natasha. Natasha casts a spell at you.
You resist with significant effort.
You closely miss Natasha. Natasha claws you.
* * * LOW HITPOINT WARNING * * *
You hit Natasha.
Natasha is heavily wounded.
Natasha claws you!
You die...
Natasha curls up and begins to purr.

#.............##.######.#####
#######.########........#
#..# #..# ###.#.##.# #..#
+..# #.#.##.# # ##+##..# #..#
#.#.##.# ## #......# #.$#
....##.####. #...#..###..#
#.####..##.# #####......####
#.# ##.#... #...###@..###.#
#.+... ####..h.......# ###...
.................. ##.#
##.......#######.# ##.
#......## # ## #......# #
#......# #......# ####...#


You could see Natasha.

Vanquished Creatures
  2 adders (D:2)
  A ribbon worm (D:2)
  2 dart slugs
  A ball python (D:2)
  6 endoplasms
  A giant cockroach (D:1)
  2 goblins (D:2)
  A hobgoblin (D:1)
  A quokka (D:1)
  2 bats (D:1)
  3 kobolds (D:1)
22 creatures vanquished.

Notes
Turn   | Place    | Note
-------+----------+-------------------------------------------
     0 | D:1      | Gogs the Hill Orc Fighter began the quest for the Orb.
     0 | D:1      | Reached XP level 1. HP: 19/19 MP: 1/1
   187 | D:1      | Reached XP level 2. HP: 24/27 MP: 2/2
   674 | D:2      | Reached XP level 3. HP: 33/33 MP: 3/3
   762 | D:2      | Reached skill level 4 in Fighting
   967 | D:2      | Noticed Natasha
   995 | D:2      | Slain by Natasha

Illustrated notes

Levels and vault maps discovered:
D:1:      noname_arrival_rooms_in_the_neighbourhood, layout_rooms, minivault_23
D:2:      layout_loops_ring, serial_aquarium, aquarium_bridge_island_small
          [aquarium_subvault_small_open, aquarium_subvault_window,
          aquarium_subvault_balcony, aquarium_subvault_bridge,
          aquarium_subvault_bridge], aquarium_window_1, aquarium_window_fake,
          aquarium_window_1, aquarium_window_double, aquarium_view_2f,
          shapermc_ecumenical_altar_mp_vishouse, dk_noncrumbling_3,
          grunt_ministairs_14, amcnicky_mini_rare_corridor_liquid,
          serial_bayou_pond_c, st_stairs_1, hangedman_decor_clover_reticule,
          uniq_natasha

Skill      XL: |  1  2  3 |
---------------+----------+-----
Axes           | 3 |  3.9
Fighting       | 4 |  4.1
Armour         | |  3.7
Shields        | |  3.7

Action                     || total
---------------------------++-------
  Melee: War axe           ||    64
   Fire: Sling             ||    10
    Use: Potion            ||     1
 Armour: Scale mail        ||    58
  Dodge: Dodged            ||    39
  Block: Buckler           ||    17
